 Dungeon Crawl Stone Soup version 0.19.1 (webtiles) character file.

45 Jerry the Charlatan (level 3, -2/18 HPs)
             Began as a Vine Stalker Artificer on Dec 25, 2016.
             Slain by an adder (3 damage)
             ... on level 2 of the Dungeon.
             The game lasted 00:04:50 (1489 turns).

Jerry the Charlatan (Vine Stalker Artificer)        Turns: 1489, Time: 00:04:51

Health: -2/18      AC:  5    Str: 15    XL:     3   Next: 64%
Magic:  0/6        EV: 11    Int: 11    God:
Gold:   57         SH:  0    Dex: 14    Spells: 0 memorised, 2 levels left

rFire  . . .     SeeInvis .     a - +0 short sword
rCold  . . .     Gourm    .     h - +0 ring mail
rNeg   . . .     Faith    .     (no shield)
rPois  .         Spirit   +     (no helmet)
rElec  .         Reflect  .     (no cloak)
rCorr  .         Harm     .     (no gloves)
MR     .....                    (no boots)
Stlth  +.........               (no amulet)
                                (no ring)
                                (no ring)

@: lethally poisoned (-2 -> -8)
A: fangs 2, magic shield, antimagic bite, no device heal 3, rot immunity
a: no special abilities


You were on level 2 of the Dungeon.
You were not hungry.

You visited 1 branch of the dungeon, and saw 2 of its levels.

You collected 57 gold pieces.

Inventory:

Hand Weapons
 a - a +0 short sword (weapon)
Armour
 h - a +0 ring mail (worn)
 i - a +0 buckler
Wands
 c - a wand of flame (14/48)
 d - a wand of enslavement (15/24)
 e - a wand of random effects (13/48)
Scrolls
 g - a scroll of noise {unknown}
 j - 2 scrolls of enchant armour {unknown}
Comestibles
 b - 2 chunks of flesh
 f - a bread ration


   Skills:
 + Level 1.2 Fighting
 + Level 1.8 Short Blades
 + Level 1.4 Armour
 - Level 1.5 Dodging
 + Level 1.9 Stealth
 - Level 2.6 Evocations


You had 2 spell levels left.
You didn't know any spells.

Dungeon Overview and Level Annotations

Branches:
Dungeon (2/15)

Altars:


Innate Abilities, Weirdness & Mutations

You have extremely sharp teeth.
When hurt, damage is shared between your health and your magic reserves.
Your bite disrupts and absorbs the magic of your enemies.
Potions and wands cannot restore your health.
You are immune to rotting.


Message History

* * * LOW HITPOINT WARNING * * *
You are lethally poisoned!
The adder poisons you!
You hit the adder. Your bite misses the adder.
The adder is severely wounded.
* * * LOW HITPOINT WARNING * * *
You feel sick. The adder barely misses you.
The adder bites you but does no damage.
You barely miss the adder.
The adder is severely wounded.
The adder bites you.
* * * LOW HITPOINT WARNING * * *
You miss the adder. Your bite misses the adder.
The adder is severely wounded.
* * * LOW HITPOINT WARNING * * *
You feel sick. The adder bites you but does no damage.
You closely miss the adder.
The adder is severely wounded.
The adder bites you.
You die...

..#...#.######.#.#.#
#.#..........#.#...# ####
#####.#.......##.#.#...# ....
#...#.#.#.#.#.# #.##..# .....
#...........#... #......
.....##...........#....####... #.
..................#....#......
.................#........#.#....
#.###.....###.#@#.....# #......
.#.........###.#S##....# ####...
......###.......†......##.####...
.................................
..........####.#.#.###....####.#.
##.....###......#.# # ##.##
#.....###.##.#...###### #....
###.#......#..#......... #####
...........##.#.........


You could see an adder.

Vanquished Creatures
  3 dart slugs (D:1)
  4 leopard geckos
  A giant cockroach (D:1)
  A goblin (D:1)
  7 hobgoblins
  3 jackals (D:1)
  A ball python (D:1)
  3 bats
  4 frilled lizards
  2 kobolds (D:1)
  4 rats
33 creatures vanquished.

Notes
Turn   | Place    | Note
-------+----------+-------------------------------------------
     0 | D:1      | Jerry the Vine Stalker Artificer began the quest for the Orb.
     0 | D:1      | Reached XP level 1. HP: 9/9 MP: 3/3
    72 | D:1      | Reached skill level 1 in Short Blades
   253 | D:1      | Reached XP level 2. HP: 7/14 MP: 3/5
   505 | D:1      | Reached skill level 1 in Armour
   547 | D:1      | Reached skill level 1 in Fighting
   834 | D:1      | Reached XP level 3. HP: 18/18 MP: 6/6
  1489 | D:2      | Slain by an adder

Skill      XL: |  1  2 |
---------------+-------+-----
Short Blades   | 1 |  1.8
Armour         | 1 |  1.4
Fighting       | 1 |  1.2
Dodging        | |  1.5
Stealth        | |  1.9
Evocations     | |  2.6

Action                   || total
-------------------------++-------
Melee: Short sword       ||   102
       Bite              ||    26
Evoke: Wand              ||     3
 Stab: Sleeping          ||     1
  Eat: Chunk             ||     2
Armor: Leather armour    ||     7
       Ring mail         ||    18
Dodge: Dodged            ||    82
